 Dungeon Crawl Stone Soup version 0.30-a0-305-g026cb31310 (webtiles) character file.

Game seed: 7319612197288182724

7476 McGhostyFace the Spear-Bearer (level 11, 0/86 HPs)
             Began as a Gnoll Reaver on Oct 22, 2022.
             Was an Initiate of Gozag.
             Slain by a four-headed hydra (8 damage)
             ... on level 9 of the Dungeon on Oct 23, 2022.
             The game lasted 00:30:21 (10443 turns).

McGhostyFace the Spear-Bearer (Gnoll Reaver)       Turns: 10443, Time: 00:30:21

Health: 0/86       AC: 11    Str: 12    XL:     11   Next: 15%
Magic:  4/23       EV: 18    Int: 16    God:    Gozag
Gold:   1192       SH:  0    Dex: 11    Spells: 8/26 levels left

rFire   . . .      SeeInvis .    L - +7 dagger
rCold   . . .      Faith    .    (no shield)
rNeg    . . .      Spirit   .    F - +0 steam dragon scales
rPois   .          Reflect  .    a - +1 hat
rElec   .          Harm     .    D - +0 cloak
rCorr   .          Rampage  .    K - +2 pair of gloves
Will    .....                    (no boots)
Stlth   +++.......               d - amulet of magic regeneration
HPRegen 0.34/turn                E - +4 ring of evasion
MPRegen 0.58/turn                (no ring)

@: very slightly contaminated
A: fangs 1, strong nose, distributed training
a: Renounce Religion, Potion Petition, Call Merchant, Bribe Branch


You were on level 9 of the Dungeon.
You worshipped Gozag.
Gozag was most pleased with you.
You visited 2 branches of the dungeon, and saw 10 of its levels.

You collected 1230 gold pieces.
You paid 38 gold pieces to Gozag.

Inventory:

Hand Weapons
 t - a +2 halberd
 z - a +3 dagger of holy wrath
 C - a +3 spear
 L - a +7 dagger (weapon)
Missiles
 I - 6 javelins
Armour
 a - a +1 hat (worn)
 D - a +0 cloak (worn)
 F - +0 steam dragon scales (worn)
 K - a +2 pair of gloves (worn)
 M - a +0 robe
Magical Staves
 G - a staff of poison
Jewellery
 d - an amulet of magic regeneration (around neck)
 x - the ring of Lysku {*Slow Fly rN+++ Int-2 SInv}
   (You found it on level 4 of the Dungeon)

   [ring of see invisible]

   Int:       It affects your intelligence (-2).
   rN:        It renders you almost immune to negative energy.
   SInv:      It lets you see invisible.
   Fly:       It grants you flight.
   *Slow:     It may slow you when you take damage.
 E - a +4 ring of evasion (left hand)
 N - a ring of willpower
Scrolls
 c - 2 scrolls of immolation {unknown}
 f - 2 scrolls of enchant weapon
 g - 3 scrolls of magic mapping {unknown}
 h - 7 scrolls of identify
 i - 3 scrolls of noise {unknown}
 j - a scroll of butterflies {unknown}
 m - 3 scrolls of poison {unknown}
 s - 2 scrolls of teleportation {unknown}
 v - 2 scrolls of blinking {unknown}
 y - 3 scrolls of fear {unknown}
 B - 2 scrolls of amnesia {unknown}
 H - 2 scrolls of vulnerability {unknown}
 J - a scroll of enchant armour {unknown}
Potions
 b - a potion of haste {unknown}
 e - a potion of ambrosia {unknown}
 k - a potion of flight {unknown}
 l - 5 potions of heal wounds {unknown}
 n - 4 potions of degeneration
 p - 3 potions of attraction {unknown}
 q - 2 potions of brilliance
 r - a potion of might {unknown}
 w - a potion of mutation {unknown}
 A - 2 potions of berserk rage {unknown}


   Skills:
 + Level 7.8 Fighting
 + Level 6.2 Short Blades
 + Level 6.2 Long Blades
 + Level 6.2 Axes
 + Level 6.2 Maces & Flails
 + Level 9.1 Polearms
 + Level 6.2 Staves
 + Level 6.2 Ranged Weapons
 + Level 6.2 Throwing
 + Level 6.2 Armour
 + Level 7.8 Dodging
 + Level 6.2 Stealth
 + Level 6.2 Shields
 + Level 6.2 Unarmed Combat
 + Level 8.1 Spellcasting
 + Level 7.6 Conjurations
 + Level 5.1 Hexes
 + Level 5.1 Summonings
 + Level 5.1 Necromancy
 + Level 5.1 Translocations
 + Level 5.1 Transmutations
 + Level 5.1 Fire Magic
 + Level 5.1 Ice Magic
 + Level 5.1 Air Magic
 + Level 5.1 Earth Magic
 + Level 5.1 Poison Magic
 + Level 6.8 Invocations
 + Level 6.2 Evocations


You had 8 spell levels left.
You knew the following spells:

 Your Spells              Type           Power      Damage    Failure   Level
a - Kiss of Death         Conj/Necr      100%       2d13      1%          1
b - Stone Arrow           Conj/Erth      54%        3d10      2%          3
c - Hailstorm             Conj/Ice       27%        3d7       2%          3
d - Ignite Poison         Fire/Tmut/Pois 23%        N/A       4%          3
e - Olgreb's Toxic Radia  Pois           23%        N/A       13%         4
f - Sticky Flame          Conj/Fire      27%        2d5       8%          4

Your spell library contained the following spells:

 Spells                   Type           Power      Damage    Failure   Level
 Beastly Appendage        Tmut           46%        N/A       1%          1
 Magic Dart               Conj           100%       1d8       1%          1
 Sandblast                Erth           46%        2d11      1%          1
 Sting                    Tmut/Pois      92%        1d7       1%          1
 Call Imp                 Summ           23%        N/A       1%          2
 Momentum Strike          Conj/Tloc      54%        3d9       1%          2
 Passwall                 Tmut/Erth      19%        N/A       1%          2
 Poisonous Vapours        Pois/Air       46%        N/A       1%          2
 Scorch                   Fire           46%        2d7       1%          2
 Wereblood                Tmut           23%        N/A       1%          2
 Mephitic Cloud           Conj/Pois/Air  25%        N/A       2%          3
 Gell's Gravitas          Tloc           23%        N/A       4%          3
 Lesser Beckoning         Tloc           46%        N/A       4%          3
 Spider Form              Tmut/Pois      23%        N/A       4%          3
 Summon Guardian Golem    Hex/Summ       23%        N/A       4%          3
 Teleport Other           Tloc           23%        N/A       4%          3
 Flame Wave               Conj/Fire      27%        2d9       8%          4
 Summon Cactus Giant      Summ           11%        N/A       90%         6
 Orb of Destruction       Conj           15%        9d7       99%         7
 Spellforged Servitor     Conj/Summ      13%        N/A       100%        7
 Ignition                 Fire           11%        3d5       100%        8


Dungeon Overview and Level Annotations

Branches:
Dungeon (9/15)             Temple (1/1) D:4             Orc (0/2) D:9
   Lair: D:8-11

Altars:
Ashenzari
Cheibriados
Dithmenos
Elyvilon
Fedhas
Gozag
Hepliaklqana
Kikubaaqudgha
Makhleb
Nemelex Xobeh
Okawaru
Qazlal
Ru
Sif Muna
Trog
Uskayaw
Vehumet
Wu Jian
Xom
Yredelemnul
Zin
The Shining One

Shops:
D:7 (

Annotations:
D:8 2 runed translucent doors, Hubris850's ghost, novice NaVM


Innate Abilities, Weirdness & Mutations

You have very sharp teeth.
Your uncanny sense of smell can sniff out nearby items.
Your experience applies equally to all skills.


Message History

Aiming: Sticky Flame (dangerous; 8% risk of failure)
Press: ? - help, Shift-Dir - straight line, f/p - four-headed hydra
Aim: a four-headed hydra (moderately wounded)
The sticky flame hits the four-headed hydra.
The four-headed hydra is moderately wounded.
The four-headed hydra is covered in liquid flames!
The four-headed hydra burns!
The four-headed hydra bites you but does no damage. x3
The four-headed hydra closely misses you.
Casting: Sticky Flame (dangerous; 8% risk of failure)
Confirm with . or Enter, or press ? or * to list all spells.
Aiming: Sticky Flame (dangerous; 8% risk of failure)
Press: ? - help, Shift-Dir - straight line, f/p - four-headed hydra
Aim: a four-headed hydra (heavily wounded, covered in liquid flames)
The sticky flame hits the four-headed hydra.
The four-headed hydra is heavily wounded.
The four-headed hydra is covered in liquid flames!
The four-headed hydra burns!
The four-headed hydra closely misses you.
The four-headed hydra bites you. x2; The four-headed hydra bites you!
* * * LOW HITPOINT WARNING * * *
Unknown command.
Casting: Sticky Flame (dangerous; 8% risk of failure)
Confirm with . or Enter, or press ? or * to list all spells.
You don't have enough magic to cast this spell.
You hit the four-headed hydra.
The four-headed hydra is heavily wounded.
The four-headed hydra burns!
The four-headed hydra bites you.
* * * LOW HITPOINT WARNING * * *
The four-headed hydra bites you.
* * * LOW HITPOINT WARNING * * *
The four-headed hydra bites you!
* * * LOW HITPOINT WARNING * * *
The four-headed hydra completely misses you.
You feel better.
The four-headed hydra burns!
The four-headed hydra misses you.
The four-headed hydra barely misses you.
The four-headed hydra bites you but does no damage.
The four-headed hydra bites you!
You die...
Your body crumbles into a pile of gold.

#...........###'###..
#......##..##.##..##
#.........##..)##..##
#..########..⌠..##..#
#..#..#..#.......##..
######..##...##.#####..##.
#.......'.....).#.......#.
#.#...#..○#D#.).#.##..#####.
#.#.......#@).#.#..##.......
#.##...#..###+####..##..⌠..#
#..#.#...##.....# #..##.).##
..#....####.B.## #..##.##
#.#...## ∆##°##$ ##+### ∆
####.#...# #°#∆ #........#


B$$ ∆∆∆ #........+∆ .?. ∆ ∆ #........# ... ∆∆∆ You could see a four-headed hydra
(burning).

Vanquished Creatures
  A boulder beetle (D:9)
  A centaur warrior (D:9)
  Pikel (D:5)
  A cyclops (D:9)
  An ugly thing (D:9)
  An efreet (D:9)
  Maggie (D:6)
  A meliai (D:9)
  A wyvern (D:9)
  4 steam dragons
  Duvessa (D:4)
  An acid dragon (D:9)
  3 water moccasins
  An orc warrior (D:9)
  A sky beast (D:6)
  An ice beast (D:7)
  3 black bears
  3 centaurs
  2 kobold brigands (D:8)
  4 phantoms
  2 bullfrogs
  4 scorpions
  8 wights
  Dowan (D:4)
  3 killer bees (D:7)
  2 howler monkeys (D:9)
  4 jellies
  7 orc priests
  Crazy Yiuf (D:6)
  3 hounds
  Jessica (D:3)
  2 iguanas
  7 orc wizards
  6 gnolls
  3 adders
  A shadow imp (D:5)
  A white imp (D:7)
  3 dart slugs
  18 orcs
  9 ball pythons
  5 bats
  7 endoplasms
  4 giant cockroaches
  8 goblins
  5 hobgoblins
  16 jackals
  14 kobolds
  2 quokkas
  3 frilled lizards
  3 rats (D:3)
186 creatures vanquished.

Notes
Turn   | Place    | Note
-------+----------+-------------------------------------------
     0 | D:1      | McGhostyFace the Gnoll Reaver began the quest for the Orb.
     0 | D:1      | Reached XP level 1. HP: 20/20 MP: 6/6
   109 | D:1      | Reached XP level 2. HP: 23/26 MP: 7/7
   406 | D:1      | Reached skill level 5 in Spellcasting
   406 | D:1      | Reached XP level 3. HP: 29/31 MP: 7/9
   517 | D:1      | Reached skill level 1 in Invocations
   994 | D:2      | Found a faded altar of an unknown god.
  1323 | D:2      | Reached skill level 1 in Short Blades
  1323 | D:2      | Reached skill level 1 in Long Blades
  1323 | D:2      | Reached skill level 1 in Axes
  1323 | D:2      | Reached skill level 1 in Maces & Flails
  1323 | D:2      | Reached skill level 1 in Staves
  1323 | D:2      | Reached skill level 1 in Ranged Weapons
  1323 | D:2      | Reached skill level 1 in Throwing
  1323 | D:2      | Reached skill level 1 in Armour
  1323 | D:2      | Reached skill level 1 in Stealth
  1323 | D:2      | Reached skill level 1 in Shields
  1323 | D:2      | Reached skill level 1 in Unarmed Combat
  1323 | D:2      | Reached skill level 1 in Evocations
  2257 | D:3      | Reached XP level 4. HP: 38/38 MP: 11/11
  2527 | D:3      | Noticed Jessica
  2541 | D:3      | Killed Jessica
  2542 | D:3      | Reached skill level 1 in Hexes
  2542 | D:3      | Reached skill level 1 in Summonings
  2542 | D:3      | Reached skill level 1 in Necromancy
  2542 | D:3      | Reached skill level 1 in Translocations
  2542 | D:3      | Reached skill level 1 in Transmutations
  2542 | D:3      | Reached skill level 1 in Fire Magic
  2542 | D:3      | Reached skill level 1 in Ice Magic
  2542 | D:3      | Reached skill level 1 in Air Magic
  2542 | D:3      | Reached skill level 1 in Earth Magic
  2542 | D:3      | Reached skill level 1 in Poison Magic
  2618 | D:3      | Learned a level 3 spell: Stone Arrow
  2650 | D:3      | Reached XP level 5. HP: 22/43 MP: 2/12
  3431 | D:4      | Found a staircase to the Ecumenical Temple.
  3442 | Temple   | Entered the Ecumenical Temple
  3715 | Temple   | Became a worshipper of Gozag Ym Sagoz the Greedy
  3783 | D:4      | Found an ornate altar of the Wu Jian Council.
  3788 | D:4      | Noticed a phantom
  3792 | D:4      | Killed a phantom
  3793 | D:4      | Reached XP level 6. HP: 50/50 MP: 3/14
  3904 | D:4      | Reached skill level 5 in Fighting
  3904 | D:4      | Reached skill level 5 in Dodging
  3957 | D:4      | Noticed Dowan
  3959 | D:4      | Noticed Duvessa
  3976 | D:5      | Entered Level 5 of the Dungeon
  4040 | D:5      | Learned a level 3 spell: Hailstorm
  4058 | D:5      | Noticed Pikel
  4075 | D:5      | Killed Pikel
  4076 | D:5      | Reached skill level 7 in Polearms
  4076 | D:5      | Reached XP level 7. HP: 53/56 MP: 2/15
  4430 | D:5      | Reached XP level 8. HP: 60/63 MP: 9/16
  5988 | D:4      | Identified the ring of Lysku {*Slow Fly rN+++ Int-2 SInv}
  6170 | D:4      | Killed Duvessa
  6174 | D:4      | Killed Dowan
  6499 | D:6      | Found a runed translucent door.
  6500 | D:6      | Noticed Crazy Yiuf
  6505 | D:6      | Killed Crazy Yiuf
  6567 | D:6      | Noticed Maggie
  6588 | D:6      | Killed Maggie
  6589 | D:6      | Reached XP level 9. HP: 33/69 MP: 3/18
  7044 | D:6      | Learned a level 3 spell: Ignite Poison
  7049 | D:6      | Learned a level 4 spell: Olgreb's Toxic Radiance
  7412 | D:6      | Reached skill level 8 in Polearms
  8084 | D:6      | Learned a level 4 spell: Sticky Flame
  8088 | D:7      | Reached skill level 5 in Invocations
  8366 | D:7      | Found Qamostir's Weapon Shop.
  9045 | D:8      | Found a large runed translucent door.
  9045 | D:8      | Found a large runed translucent door.
  9053 | D:8      | Reached skill level 5 in Short Blades
  9053 | D:8      | Reached skill level 5 in Long Blades
  9053 | D:8      | Reached skill level 5 in Axes
  9053 | D:8      | Reached skill level 5 in Maces & Flails
  9053 | D:8      | Reached skill level 5 in Staves
  9053 | D:8      | Reached skill level 5 in Ranged Weapons
  9053 | D:8      | Reached skill level 5 in Throwing
  9053 | D:8      | Reached skill level 5 in Armour
  9053 | D:8      | Reached skill level 5 in Stealth
  9053 | D:8      | Reached skill level 5 in Shields
  9053 | D:8      | Reached skill level 5 in Unarmed Combat
  9053 | D:8      | Reached skill level 5 in Evocations
  9053 | D:8      | Reached XP level 10. HP: 77/77 MP: 13/20
  9162 | D:8      | Noticed Hubris850's ghost (novice NaVM)
  9812 | D:9      | Found a staircase to the Orcish Mines.
  9854 | D:9      | Noticed a centaur warrior
  9860 | D:9      | Killed a centaur warrior
 10197 | D:9      | Noticed a cyclops
 10203 | D:9      | Noticed a red ugly thing
 10204 | D:9      | Killed a cyclops
 10205 | D:9      | Reached skill level 9 in Polearms
 10218 | D:9      | Killed a red ugly thing
 10219 | D:9      | Reached skill level 5 in Hexes
 10219 | D:9      | Reached skill level 5 in Summonings
 10219 | D:9      | Reached skill level 5 in Necromancy
 10219 | D:9      | Reached skill level 5 in Translocations
 10219 | D:9      | Reached skill level 5 in Transmutations
 10219 | D:9      | Reached skill level 5 in Fire Magic
 10219 | D:9      | Reached skill level 5 in Ice Magic
 10219 | D:9      | Reached skill level 5 in Air Magic
 10219 | D:9      | Reached skill level 5 in Earth Magic
 10219 | D:9      | Reached skill level 5 in Poison Magic
 10219 | D:9      | Reached XP level 11. HP: 44/85 MP: 10/22
 10219 | D:9      | Noticed a four-headed hydra
 10219 | D:9      | Noticed a boulder beetle
 10373 | D:9      | Noticed a boulder beetle
 10383 | D:9      | Killed a boulder beetle
 10442 | D:9      | HP: 3/86 [four-headed hydra (8)]
 10443 | D:9      | Slain by a four-headed hydra

Illustrated notes

Levels and vault maps discovered:
D:1:      lightli_arrival_lavapool, layout_loops_ring,
          nicolae_concentric_dashed_squares_wild, grunt_decor_fettered
D:2:      layout_basic, dreamdust_ecumenical_altar_statues
D:3:      layout_loops_corners, chequers_serial_rivers_micro_a, uniq_jessica
D:4:      layout_basic, nicolae_wu_jian_wuxing_cycle,
          minmay_temple_entry_antechambers, minmay_misc_feat_nine_boxes,
          grunt_ministairs_8, uniq_duvessa
D:5:      layout_layer_cave, uniq_pikel
D:6:      layout_basic, uniq_crazy_yiuf_cottage, uniq_maggie
D:7:      layout_gridville, serial_shops, nicolae_stop_n_shop_1,
          kennysheep_generic_room_11
D:8:      layout_basic, ebering_ghost_disaster_area
D:9:      minmay_the_grid_octo_tiled_squarecenter [minmay_the_grid_octo_chip,
          minmay_the_grid_octo_concentric, minmay_the_grid_octo_clover_2,
          minmay_the_grid_octo_77, minmay_the_grid_square_5x5_megaprize_open,
          minmay_the_grid_square_5x5_spiral, minmay_the_grid_square_5x5_tie,
          minmay_the_grid_square_5x5_tetrominoes,
          minmay_the_grid_square_5x5_mess], layout_stronghold, orc_0_dummy
Temple:   compressed_dpeg_triangle_lava_temple

Skill      XL: |  1  2  3  4  5  6  7  8  9 10 11 |
---------------+----------------------------------+-----
Spellcasting   | 5 6 7 8 |  8.1
Invocations    | 1 2 3 4 5 6 |  6.8
Short Blades   | 1 2 3 4 5 6 |  6.2
Long Blades    | 1 2 3 4 5 6 |  6.2
Axes           | 1 2 3 4 5 6 |  6.2
Maces & Flails | 1 2 3 4 5 6 |  6.2
Staves         | 1 2 3 4 5 6 |  6.2
Ranged Weapons | 1 2 3 4 5 6 |  6.2
Throwing       | 1 2 3 4 5 6 |  6.2
Armour         | 1 2 3 4 5 6 |  6.2
Stealth        | 1 2 3 4 5 6 |  6.2
Shields        | 1 2 3 4 5 6 |  6.2
Unarmed Combat | 1 2 3 4 5 6 |  6.2
Evocations     | 1 2 3 4 5 6 |  6.2
Hexes          | 1 2 3 4 5 |  5.1
Summonings     | 1 2 3 4 5 |  5.1
Necromancy     | 1 2 3 4 5 |  5.1
Translocations | 1 2 3 4 5 |  5.1
Transmutations | 1 2 3 4 5 |  5.1
Fire Magic     | 1 2 3 4 5 |  5.1
Ice Magic      | 1 2 3 4 5 |  5.1
Air Magic      | 1 2 3 4 5 |  5.1
Earth Magic    | 1 2 3 4 5 |  5.1
Poison Magic   | 1 2 3 4 5 |  5.1
Fighting       | 5 6 7 |  7.8
Dodging        | 5 6 7 |  7.8
Polearms       | 7 8 9 |  9.1
Conjurations   | 6 7 |  7.6

Action                   |  1- 3 |  4- 6 |  7- 9 | 10-12 || total
-------------------------+-------+-------+-------+-------++-------
Melee: Spear             |   159 |   119 |   115 |    33 ||   426
       Punch             |     3 |     4 |     3 |       ||    10
       Bite              |    10 |    10 |    15 |     3 ||    38
       Glaive            |       |       |    29 |       ||    29
       Dagger            |       |       |       |    11 ||    11
Throw: Javelin           |       |       |    16 |       ||    16
       Throwing net      |       |       |       |     1 ||     1
 Cast: Stone Arrow       |       |    12 |    68 |    33 ||   113
       Kiss of Death     |       |     1 |       |       ||     1
       Ignite Poison     |       |       |     3 |     7 ||    10
       Olgreb's Toxic Ra |       |       |     3 |     6 ||     9
       Hailstorm         |       |       |     2 |     1 ||     3
       Sticky Flame      |       |       |     1 |     3 ||     4
Evoke: Wand              |       |       |     3 |     9 ||    12
  Use: Potion            |       |       |     3 |     1 ||     4
       Scroll            |       |       |       |     1 ||     1
 Stab: Sleeping          |     3 |     2 |     3 |     1 ||     9
       Distracted        |     1 |       |       |     1 ||     2
Armor: Leather armour    |    29 |    15 |    22 |       ||    66
       Steam dragon scal |       |       |    15 |    25 ||    40
Dodge: Dodged            |    65 |    42 |    87 |    61 ||   255

Table legend: (Time is in decaauts)
 A = Elapsed time spent in this place.
 B = Non-inter-level travel time spent in this place.
 C = Inter-level travel time spent in this place.
 D = Time resting spent in this place.
 E = Time spent auto-exploring this place.
 F = Levels seen in this place.
 G = Mean time per level.
                   A        B        C        D        E       F      G
               +--------+--------+--------+--------+--------+-----+--------+
         Total |  10346 |  10075 |    271 |   2086 |   6150 |  10 | 1034.6 |
       Dungeon |  10065 |   9794 |    271 |   2086 |   5909 |   9 | 1118.3 |
        Temple |    280 |    280 |      0 |      0 |    241 |   1 |  280.0 |
               +--------+--------+--------+--------+--------+-----+--------+

Top non-repeatable levels by time:
     D:5: 1828 daAuts
     D:6: 1623 daAuts
     D:3: 1205 daAuts
     D:2: 1159 daAuts
     D:4: 1005 daAuts
     D:1: 899 daAuts
     D:7: 886 daAuts
     D:8: 743 daAuts
     D:9: 712 daAuts
  Temple: 280 daAuts
